 Dungeon Crawl Stone Soup version bcrawl-1.38.1 (webtiles) character file.

Game seed: 17227275724001247865

470415 pheathergobbo575 the Impaler (level 10, -1/93 HPs)
             Began as a Minotaur Fighter on Apr 6, 2023.
             Was a Follower of Okawaru.
             Slain by a troll (11 damage)
             ... on level 7 of the Dungeon.
             The game lasted 00:11:28 (5647 turns).

pheathergobbo575 the Impaler (Minotaur Fighter)     Turns: 5647, Time: 00:11:29

Health: -1/93      AC: 13    Str: 25    XL:     10   Next: 57%
Magic:  9/9        EV:  8    Int:  5    God:    Okawaru [*.....]
Gold:   499        SH:  0    Dex:  9    Spells: 9/9 levels left

rFire    + . .     GDR:     25% a - +0 trident
rCold    . . .     SeeInvis .   (no shield)
rNeg     . . .     Gourm    .   e - +0 chain mail
rPois    .         Faith    .   (helmet unavailable)
rElec    .         Spirit   .   o - +2 cloak
rCorr    .         Reflect  .   (no gloves)
MR       .....                  w - +0 pair of boots
Stlth    ..........             (no amulet)
HPRegen  0.25/turn              g - ring of protection from fire
MPRegen  0.11/turn              (no ring)

@: very slightly contaminated, hasted, invisible, very quick
A: retaliatory headbutt, hooves 1, horns 3, deterioration 1, screaming 1
a: Heroism, Renounce Religion


You were on level 7 of the Dungeon.
You worshipped Okawaru.
Okawaru was aware of your devotion.
You were hungry.

You visited 2 branches of the dungeon, and saw 8 of its levels.
You also visited: Ossuary.

You collected 499 gold pieces.

Inventory:

Hand Weapons
 a - a +0 trident (weapon)
Armour
 e - a +0 chain mail (worn)
 o - a +2 cloak (worn)
 w - a +0 pair of boots (worn)
Jewellery
 g - a ring of protection from fire (left hand)
Scrolls
 i - 4 scrolls of identify
 l - 2 scrolls of magic mapping
 q - 3 scrolls of remove curse {unknown}
 s - a scroll of noise {unknown}
 u - 2 scrolls of teleportation
 y - 3 scrolls of enchant armour {unknown}
Potions
 d - 3 potions of might
 f - 3 potions of mutation
 h - 3 potions of curing
 k - a potion of heal wounds
 n - 2 potions of flight {unknown}
 r - 3 potions of degeneration {unknown}
 t - 3 potions of resistance {unknown}
 v - a potion of lignification {unknown}
 z - 2 potions of agility {unknown}
 A - 2 potions of ambrosia {unknown}
Comestibles
 p - 10 rations {!d}


   Skills:
 - Level 9.8 Fighting
 * Level 17.0 Polearms
 + Level 3.8 Armour
   Level 3.6 Shields


You had 9 spell levels left.
You didn't know any spells.
Your spell library was empty.

Dungeon Overview and Level Annotations

Branches:
Dungeon (7/12)             Temple (1/1) D:6
   Lair: D:7-9

Altars:
Ashenzari
Cheibriados
Dithmenos
Elyvilon
Fedhas
Hepliaklqana
Makhleb
Nemelex Xobeh
Okawaru
Qazlal
Sif Muna
Trog
Uskayaw
Vehumet
Wu Jian
Xom
Yredelemnul
Zin
The Shining One

Shops:
D:4 [


Innate Abilities, Weirdness & Mutations

You reflexively headbutt those who attack you in melee.
You have a pair of large horns on your head.
You have large cloven feet.
Your body sometimes deteriorates upon taking damage.
You occasionally shout uncontrollably at your foes.


Message History

Okawaru accepts your kill.
You can now gain great but temporary skills.
Your Polearms skill increases to level 17!
You catch the helpless killer bee completely off-guard!
You impale the killer bee!!
You kill the killer bee!
Okawaru accepts your kill. The troll bites you.
* * * LOW HITPOINT WARNING * * *
The troll barely misses you. The troll closely misses you.
Things that are here:
a killer bee corpse x2
You puncture the troll!
The troll is severely wounded.
You closely miss the troll.
The troll is severely wounded.
The troll bites you.
* * * LOW HITPOINT WARNING * * *
The troll claws you!
You die...

#....................#
#...#####'#####......#
#....##...^^##..'#****
#.....##...##..#'##
##'##..##.##..#...#
##.###..###..##...#
.........#...##...#
.#.#####.....###T##
.#........#.## #@#
..........#.# #.#
###########.#**#.#
,,,,,,,,,,...,,#.#
*********,..#*,#.#
,,,,,* *....*,#.#
****,* *....*,#.# *,*
*,,,,,,#.#
****+****,,*,**#.#


You could see a troll.

Vanquished Creatures
  Pikel (D:4)
  Grinder (D:5)
  Eustachio (D:6)
  Menkaure (D:7)
  2 water moccasins (D:6)
  2 phantoms
  An ice beast (D:6)
  2 ogres
  4 bullfrogs (D:6)
  Blork the orc (D:6)
  4 killer bees (D:7)
  3 scorpions
  3 orc priests (D:3)
  4 crimson imps
  2 orc wizards
  4 hounds
  Crazy Yiuf (D:5)
  2 human zombies (Ossuary)
  An iguana (D:6)
  3 worker ants
  2 mummies (Ossuary)
  A howler monkey zombie (D:6)
  A howler monkey skeleton (D:4)
  7 adders
  A centaur zombie (Ossuary)
  A shadow imp (D:6)
  An ooze (D:3)
  2 adder zombies (Ossuary)
  An adder skeleton (D:4)
  3 worms
  A dart slug (D:1)
  3 leopard geckos
  18 orcs
  2 ball pythons (D:1)
  8 bats
  4 giant cockroaches
  8 goblins
  5 hobgoblins
  4 jackals (D:4)
  A quokka (D:4)
  3 frilled lizards
  A goblin zombie (Ossuary)
  8 hobgoblin zombies (Ossuary)
  2 jackal zombies (Ossuary)
  10 kobolds (D:1)
  9 kobold zombies (Ossuary)
  12 orc zombies (Ossuary)
  9 rats
171 creatures vanquished.

Vanquished Creatures (others)
  An orc priest (D:4)
  2 orc wizards (D:4)
  An orc (D:4)
4 creatures vanquished.

Grand Total: 175 creatures vanquished

Notes
Turn   | Place    | Note
-------+----------+-------------------------------------------
     0 | D:1      | pheathergobbo575 the Minotaur Fighter began the quest for
                  | the Orb.
     0 | D:1      | Reached XP level 1. HP: 19/19 MP: 0/0
    94 | D:1      | Reached skill level 3 in Polearms
   114 | D:1      | Reached XP level 2. HP: 26/26 MP: 1/1
   231 | D:1      | Reached skill level 4 in Polearms
   519 | D:1      | Reached XP level 3. HP: 24/31 MP: 2/2
   929 | D:2      | Reached skill level 5 in Polearms
   957 | D:2      | Reached XP level 4. HP: 39/39 MP: 3/3
  1612 | D:3      | Noticed an ogre
  1621 | D:3      | Killed an ogre
  1622 | D:3      | Reached skill level 6 in Polearms
  1622 | D:3      | Reached XP level 5. HP: 37/45 MP: 4/4
  1703 | D:3      | Found a white marble altar of Elyvilon.
  1716 | D:3      | Found an ornate altar of the Wu Jian Council.
  1723 | D:3      | Noticed a phantom
  1749 | D:3      | Killed a phantom
  1750 | D:3      | Reached skill level 7 in Polearms
  1750 | D:3      | Reached XP level 6. HP: 23/51 MP: 5/5
  1971 | D:3      | Found a sparkling altar of Nemelex Xobeh.
  2046 | D:3      | Reached skill level 8 in Polearms
  2519 | D:4      | Noticed Pikel
  2519 | D:4      | Noticed a slave
  2519 | D:4      | Noticed a slave
  2519 | D:4      | Noticed a slave
  2519 | D:4      | Noticed a slave
  2552 | D:4      | Reached skill level 9 in Polearms
  2605 | D:4      | Reached XP level 7. HP: 54/57 MP: 6/6
  2728 | D:4      | Killed Pikel
  2729 | D:4      | Reached skill level 10 in Polearms
  2737 | D:4      | Reached skill level 11 in Polearms
  2822 | D:4      | Reached XP level 8. HP: 47/64 MP: 7/7
  2881 | D:4      | Found a burning altar of Makhleb.
  2887 | D:4      | Found a bloodstained altar of Trog.
  2890 | D:4      | Found a glowing silver altar of Zin.
  3135 | D:4      | Found Iblunoke's Armour Boutique.
  3571 | D:5      | Entered Level 5 of the Dungeon
  3629 | D:5      | Noticed Grinder
  3635 | D:5      | Killed Grinder
  3636 | D:5      | Reached skill level 12 in Polearms
  3769 | D:5      | Found a runed door.
  3843 | D:5      | Found a white marble altar of Elyvilon.
  3885 | D:5      | Noticed Crazy Yiuf
  3888 | D:5      | Killed Crazy Yiuf
  4144 | D:6      | Reached skill level 13 in Polearms
  4358 | D:6      | Reached XP level 9. HP: 68/70 MP: 8/8
  4435 | D:6      | Noticed Eustachio
  4455 | D:6      | Killed Eustachio
  4478 | D:6      | Noticed Blork the orc
  4488 | D:6      | Killed Blork the orc
  4489 | D:6      | Reached skill level 14 in Polearms
  4512 | D:6      | Found a staircase to the Ecumenical Temple.
  4521 | Temple   | Entered the Ecumenical Temple
  4568 | Temple   | Became a worshipper of Warmaster Okawaru
  5035 | D:6      | Found a blossoming altar of Fedhas.
  5315 | D:7      | Found a sand-covered staircase.
  5321 | Ossuary  | Entered an ossuary
  5501 | Ossuary  | Reached skill level 15 in Polearms
  5624 | D:7      | Noticed a troll
  5625 | D:7      | Noticed Menkaure
  5635 | D:7      | Reached skill level 16 in Polearms
  5635 | D:7      | Reached XP level 10. HP: 30/93 MP: 9/9
  5636 | D:7      | Gained mutation: You occasionally shout uncontrollably at
                  | your foes. [potion of mutation]
  5636 | D:7      | Gained mutation: You have large cloven feet. [potion of
                  | mutation]
  5636 | D:7      | Gained mutation: Your body sometimes deteriorates upon
                  | taking damage. [potion of mutation]
  5636 | D:7      | Gained mutation: You have a pair of large horns on your
                  | head. [potion of mutation]
  5643 | D:7      | Killed Menkaure
  5643 | D:7      | Reached * piety under Okawaru
  5644 | D:7      | Reached skill level 17 in Polearms
  5647 | D:7      | Slain by a troll

Skill      XL: |  1  2  3  4  5  6  7  8  9 10 |
---------------+-------------------------------+-----
Polearms       | 3 4 5 6 7 9 11 13 16 17 | 17.0
Fighting       | 9 |  9.8
Armour         | |  3.8
Shields        | |  3.6

Action                   |  1- 3 |  4- 6 |  7- 9 | 10-12 || total
-------------------------+-------+-------+-------+-------++-------
Melee: Trident           |    84 |   105 |   333 |     6 ||   528
       Headbutt          |    13 |    21 |    43 |     1 ||    78
  Use: Scroll            |       |     1 |     1 |       ||     2
       Potion            |       |       |     2 |     5 ||     7
 Stab: Invisible         |       |       |       |     1 ||     1
  Eat: Chunk             |     2 |     8 |    14 |       ||    24
Armor: Scale mail        |    40 |    13 |       |       ||    53
       Chain mail        |       |    18 |   128 |     3 ||   149
Dodge: Dodged            |    21 |    34 |    94 |     6 ||   155
Block: Medium shield     |    10 |       |       |       ||    10
